 Dungeon Sprint DCSS version 0.23-a0-335-gba3dfdf (webtiles) character file.

737 Fang the Cleaver (level 7, -1/78 HPs)
             Began as a Gargoyle Berserker on Oct 17, 2018.
             Was a High Priest of Trog.
             Slain by a tyrant leech (25 damage)
             ... in the Dungeon (Sprint VII: "The Pits").
             The game lasted 00:01:47 (551 turns).

Fang the Cleaver (Gargoyle Berserker)                Turns: 551, Time: 00:01:48

Health: -1/78      AC: 15    Str: 27    XL:     7   Next: 74%
Magic:  2/2        EV: 12    Int:  8    God:    Trog [*****.]
Gold:   0          SH:  0    Dex:  9    Spells: 6/6 levels left

rFire    . . .     SeeInvis .   j - +3 battleaxe (antimagic)
rCold    . . .     Gourm    .   (shield currently unavailable)
rNeg     + . .     Faith    .   n - +3 scale mail
rPois    ∞         Spirit   .   (no helmet)
rElec    +         Reflect  .   (no cloak)
rCorr    .         Harm     .   (no gloves)
MR       .....     NoTele   +   (no boots)
Stlth    ..........             (no amulet)
HPRegen  0.23/turn              (no ring)
MPRegen  0.08/turn              (no ring)

@: berserking, very quick
A: negative energy resistance 1, electricity resistance, unbreathing,
petrification resistance, rot immunity, AC +4
a: Berserk, Trog's Hand, Brothers in Arms, Renounce Religion


You were in the Dungeon.
You worshipped Trog.
Trog was extremely pleased with you.
You were hungry.

You visited 1 branch

Inventory:

Hand Weapons
 j - a +3 antimagic battleaxe (weapon)
 m - a +1 hand axe of chopping
Armour
 n - a +3 scale mail (worn)
Scrolls
 i - a scroll of blinking
 k - 3 scrolls of remove curse
 l - a scroll of summoning
Potions
 a - 2 potions of invisibility
 d - 6 potions of curing
 e - 6 potions of heal wounds
 f - a potion of haste
 g - 4 potions of magic
 h - 3 potions of berserk rage
Comestibles
 b - 7 chunks of flesh
 c - 9 rations


   Skills:
 + Level 10.0 Fighting
 + Level 10.7 Axes
 + Level 6.6 Armour
 + Level 5.0 Dodging
 + Level 0.4 Stealth


You had 6 spell levels left.
You didn't know any spells.
Your spell library was empty.

Dungeon Overview and Level Annotations

Branches:
Dungeon (1/1)

Altars:
Cheibriados
Dithmenos
Elyvilon
Fedhas
Gozag
Hepliaklqana
Makhleb
Nemelex Xobeh
Okawaru
Qazlal
Ru
Sif Muna
Trog
Vehumet
Wu Jian
Xom
Yredelemnul
Zin
The Shining One
Beogh
Jiyva
Lugonu


Innate Abilities, Weirdness & Mutations

You are resistant to torment.
Your stone body is resilient. (AC +4)
You are immune to poison.
You resist negative energy. (rN+)
You are resistant to electric shocks. (rElec)
You can survive without breathing.
You are immune to petrification.
You are immune to rotting.


Message History

* * * LOW HITPOINT WARNING * * *
You are too injured to fight recklessly!
You are too injured to fight recklessly!
You are too injured to fight recklessly!
You are too injured to fight recklessly!
Unknown command.
You are too injured to fight recklessly!
Unknown command.
You are too injured to fight recklessly!
Unknown command.
You slice the tyrant leech!!
The tyrant leech is severely wounded.
You closely miss the jumping spider. The jumping spider misses you.
The jumping spider closely misses you. The jumping spider misses you.
The jumping spider bites you but does no damage.
Unknown command.
You miss the tyrant leech.
The tyrant leech is severely wounded.
You slash the jumping spider! The tyrant leech bites you!!
You die...

#.##'#..#'###...<...#
#.#...†....##.......#
#.#........##.......#
#'###########.......#
#.......#.. #########
#..#.#..#.# ###
#.##.##.#§# ...#
#.÷.....#s#....#
#.##.##.#@wh...+
#..#.#..#'#....#
#.......'.# ...#
########### ###


You could see a tyrant leech, a jumping spider and a hound.

Vanquished Creatures
  A redback (D)
  A warg (D)
  A water moccasin (D)
  A floating eye (D)
  An ogre (D)
  A wolf (D)
  2 quasits (D)
  A mummy (D)
  An adder zombie (D)
  An orc (D)
  A bat skeleton (D)
  A giant cockroach (D)
  6 goblins (D)
  A hobgoblin (D)
  A quokka (D)
  A frilled lizard (D)
22 creatures vanquished.

Notes
Turn   | Place    | Note
-------+----------+-------------------------------------------
     0 | D        | Fang the Gargoyle Berserker began the quest for the Orb.
     0 | D        | Reached XP level 1. HP: 14/14 MP: 1/1
    20 | D        | Found a bloodstained altar of Trog.
    20 | D        | Found a deep blue altar of Sif Muna.
    20 | D        | Found a viscous altar of Jiyva.
    20 | D        | Found a hazy altar of Hepliaklqana.
    20 | D        | Found an opulent altar of Gozag.
    21 | D        | Found a glowing golden altar of the Shining One.
    21 | D        | Found a glowing silver altar of Zin.
    21 | D        | Found a basalt altar of Yredelemnul.
    21 | D        | Found a shimmering altar of Xom.
    21 | D        | Found an ornate altar of the Wu Jian Council.
    21 | D        | Found a sacrificial altar of Ru.
    21 | D        | Found a stormy altar of Qazlal.
    21 | D        | Found an iron altar of Okawaru.
    21 | D        | Found a sparkling altar of Nemelex Xobeh.
    21 | D        | Found a burning altar of Makhleb.
    21 | D        | Found a blossoming altar of Fedhas.
    21 | D        | Found a white marble altar of Elyvilon.
    21 | D        | Found a shadowy altar of Dithmenos.
    21 | D        | Found a snail-covered altar of Cheibriados.
    23 | D        | Found a radiant altar of Vehumet.
    23 | D        | Found a corrupted altar of Lugonu.
    23 | D        | Found a roughly hewn altar of Beogh.
    67 | D        | Reached ** piety under Trog
    75 | D        | Reached XP level 2. HP: 20/20 MP: 2/2
    86 | D        | Reached *** piety under Trog
   153 | D        | Noticed a floating eye
   153 | D        | Noticed a wolf
   154 | D        | Paralysed by a floating eye for 2 turns
   159 | D        | Killed a floating eye
   159 | D        | Reached **** piety under Trog
   159 | D        | Reached XP level 3. HP: 28/28 MP: 3/3
   159 | D        | Reached XP level 4. HP: 32/32 MP: 4/4
   159 | D        | Reached XP level 5. HP: 37/37 MP: 5/5
   161 | D        | Killed a wolf
   318 | D        | Reached XP level 6. HP: 42/44 MP: 6/6
   326 | D        | Reached ***** piety under Trog
   338 | D        | Noticed a water moccasin
   345 | D        | Killed a water moccasin
   345 | D        | Reached skill level 5 in Armour
   391 | D        | Noticed a redback
   395 | D        | Killed a redback
   395 | D        | Reached XP level 7. HP: 46/51 MP: 7/7
   490 | D        | Noticed a warg
   496 | D        | Received a gift from Trog
   496 | D        | Reached skill level 10 in Axes
   500 | D        | Killed a warg
   500 | D        | Reached skill level 5 in Dodging
   503 | D        | Reached skill level 10 in Fighting
   545 | D        | Noticed a tyrant leech
   545 | D        | Noticed a jumping spider
   551 | D        | Slain by a tyrant leech

Vault maps used:
D:        pitsprint

Skill      XL: |  1  2  3  4  5  6  7 |
---------------+----------------------+-----
Axes           | 3 6 8 9 10 | 10.7
Fighting       | 4 6 7 9 10 | 10.0
Dodging        | 2 3 4 5 |  5.0
Armour         | 4 6 |  6.6
Stealth        | |  0.4

Action                   |  1- 3 |  4- 6 |  7- 9 || total
-------------------------+-------+-------+-------++-------
Melee: Hand axe          |    18 |    25 |    19 ||    62
       Battleaxe         |       |       |     5 ||     5
Invok: Berserk           |     1 |     2 |     2 ||     5
  Eat: Chunk             |       |       |     3 ||     3
Armor: Animal skin       |     6 |       |       ||     6
       Scale mail        |     1 |    22 |     4 ||    27
Dodge: Dodged            |    16 |    13 |    11 ||    40

Table legend:
 A = Non-vault XP
 B = Vault XP
 C = Vault XP percentage of total XP
 D = Non-vault monster count
 E = Vault monster count
 F = Vault count percentage of total count
                 A         B        C        D         E       F
            +---------+---------+-------+---------+---------+-------
      Total |       0 |    1053 | 100.0 |       0 |      22 | 100.0
            +---------+---------+-------+---------+---------+-------
          D |       0 |    1053 | 100.0 |       0 |      22 | 100.0
            +---------+---------+-------+---------+---------+-------
